 Dungeon Crawl Stone Soup version 0.27-a0-1036-g8e1b44f6bd (webtiles) character file.

Game seed: 5275845651260469015

3439 funkygono the Arsonist (level 10, -1/52 HPs)
             Began as a Gargoyle Fire Elementalist on Apr 19, 2021.
             Was an Initiate of Vehumet.
             Slain by a death yak (17 damage)
             ... on level 8 of the Dungeon.
             The game lasted 00:22:10 (9341 turns).

funkygono the Arsonist (Gargoyle Fire Elementalist) Turns: 9341, Time: 00:22:11

Health: -1/52      AC: 14    Str: 13    XL:     10   Next: 5%
Magic:  21/21      EV: 12    Int: 22    God:    Vehumet [......]
Gold:   435        SH:  5    Dex: 16    Spells: 6/24 levels left

rFire    . . .     SeeInvis +   c - +5 mace (protect)
rCold    . . .     Faith    .   (no shield)
rNeg     + . .     Spirit   .   n - +2 robe of Decaying Leaves {Int+4 SInv}
rPois    ∞         Reflect  +   (no helmet)
rElec    +         Harm     .   b - +1 cloak
rCorr    .         Rampage  .   A - +0 pair of gloves
Will     .....                  (no boots)
Stlth    ++........             v - amulet of reflection
HPRegen  0.17/turn              t - ring of flight
MPRegen  0.17/turn              w - +6 ring of dexterity

@: flying
A: AC +7, negative energy resistance 1, electricity resistance, torment
resistance 1, unbreathing 1, petrification resistance
a: Renounce Religion


You were on level 8 of the Dungeon.
You worshipped Vehumet.
Vehumet was noncommittal.
You visited 2 branches of the dungeon, and saw 9 of its levels.

You collected 435 gold pieces.

Inventory:

Hand Weapons
 c - a +5 mace of protection (weapon)
 e - a +3 mace of draining
 u - the +8 trident of the Octopus King {venom, rElec rPois Will+}
   (You found it on level 5 of the Dungeon)

   It poisons the flesh of those it strikes.
   It insulates you from electricity.
   It protects you from poison.
   It increases your willpower.
Missiles
 i - 184 stones
 z - a curare-tipped dart
Armour
 a - a +0 robe
 b - a +1 cloak (worn)
 n - the +2 robe of Decaying Leaves (worn) {Int+4 SInv}
   (You found it on level 4 of the Dungeon)

   It affects your intelligence (+4).
   It lets you see invisible.
 o - a +0 scale mail
 y - a +0 buckler
 A - a +0 pair of gloves (worn)
Magical Staves
 k - a staff of poison
Jewellery
 q - an amulet of the acrobat
 t - a ring of flight (left hand)
 v - an amulet of reflection (around neck)
 w - a +6 ring of dexterity (right hand)
 C - a +4 ring of evasion
Wands
 m - a wand of charming (10)
Scrolls
 d - 4 scrolls of amnesia
 B - 2 scrolls of fear
Potions
 f - a potion of heal wounds {unknown}
 g - 7 potions of curing
 h - 5 potions of haste
 j - a potion of brilliance {unknown}
 l - a potion of flight {unknown}
 r - a potion of cancellation {unknown}
 s - a potion of mutation {unknown}
 x - 2 potions of degeneration {unknown}


   Skills:
 + Level 1.5 Fighting
 + Level 3.2 Maces & Flails
 + Level 2.5 Dodging
 - Level 2.1 Stealth
 + Level 0.3 Shields
 * Level 7.5 Spellcasting
 * Level 7.6 Conjurations
 * Level 8.0 Fire Magic
 * Level 3.0 Earth Magic


You had 6 spell levels left.
You knew the following spells:

 Your Spells              Type           Power      Damage    Failure   Level
a - Foxfire               Conj/Fire      100%       2x1d9     1%          1
b - Conjure Flame         Conj/Fire      42%        6-21      1%          3
c - Sticky Flame          Conj/Fire      42%        2d6       3%          4
d - Fireball              Conj/Fire      21%        3d10      9%          5
e - Bolt of Magma         Conj/Fire/Erth 17%        4d9       17%         5

Your spell library contained the following spells:

 Spells                   Type           Power      Damage    Failure   Level
 Magic Dart               Conj           100%       1d8       1%          1
 Inner Flame              Hex/Fire       26%        N/A       4%          3
 Confusing Touch          Hex            8%         N/A       24%         3
 Gell's Gravitas          Tloc           4%         N/A       24%         3
 Petrify                  Tmut/Erth      14%        N/A       38%         4
 Starburst                Conj/Fire      21%        8x6d7     43%         6
 Passage of Golubria      Tloc           N/A        N/A       61%         4
 Metabolic Englaciation   Hex/Ice        4%         N/A       91%         5
 Yara's Violent Unravell  Hex/Tmut       4%         3d4       91%         5
 Chain Lightning          Conj/Air       12%        N/A       100%        8
 Lehudib's Crystal Spear  Conj/Erth      15%        10d5      100%        8
 Absolute Zero            Ice            4%         ∞         100%        9
 Fire Storm               Conj/Fire      21%        8d5       100%        9


Dungeon Overview and Level Annotations

Branches:
Dungeon (8/15)             Temple (1/1) D:7            Lair (0/6) D:8

Altars:
Ashenzari
Cheibriados
Dithmenos
Elyvilon
Gozag
Hepliaklqana
Kikubaaqudgha
Nemelex Xobeh
Okawaru
Qazlal
Ru
Sif Muna
Trog
Uskayaw
Vehumet
Wu Jian
Xom
Yredelemnul
Zin
The Shining One

Shops:
D:6 ?[(


Innate Abilities, Weirdness & Mutations

Your stone body is resilient. (AC +7)
You are immune to poison.
You resist negative energy. (rN+)
You are resistant to electric shocks. (rElec)
You are resistant to unholy torment.
You can survive without breathing.
You are immune to petrification.


Message History

The foxfire hits the death yak.
The death yak is lightly wounded.
The foxfire hits the wyvern but does no damage.
Casting: Foxfire (safe; 1% risk of failure)
Confirm with . or Enter, or press ? or * to list all spells.
You conjure some foxfire!
The wyvern bites you.
The foxfire hits the black bear but does no damage.
The wyvern bites you.
Unknown command.
The foxfire hits the wyvern.
The wyvern is lightly wounded.
The wyvern barely misses you. You block the wyvern's attack.
The wyvern bites you. The wyvern misses you. The wyvern closely misses you.
You block the wyvern's attack. The wyvern bites you!
* * * LOW HITPOINT WARNING * * *
As you read the scroll of teleportation, it crumbles to dust.
You feel strangely unstable. You block the wyvern's attack.
The wyvern barely misses you.
Unknown command.
The wyvern closely misses you.
Your surroundings suddenly seem different.
You start resting.
A black bear is nearby!
Casting: Foxfire (safe; 1% risk of failure)
Confirm with . or Enter, or press ? or * to list all spells.
You conjure some foxfire!
Casting: Foxfire (safe; 1% risk of failure)
Confirm with . or Enter, or press ? or * to list all spells.
You conjure some foxfire!
The foxfire hits the black bear!
The black bear is moderately wounded.
Your foxfire dissipates!
The foxfire hits the black bear but does no damage.
The black bear is moderately wounded.
You see here 16 gold pieces.
The death yak gores you!
You die...

.....)...#....##.......#
..............##..###.##
..............##...##..#
..............###......#
..........##h.........###
...........##...........#
....#..........####.....#
....#####........._....##
.....##......#.Y@..#####
...#..#......#..#...####
..##..h.###.....##.....#
.......#######.........#
.........## #.........####
..........####......<#..#.###
..........##....##..........#
...............####........##
............#..# ##########


You could see a death yak and a black bear.

Vanquished Creatures
  4 yaks (D:7)
  2 water moccasins
  The ghost of Darold the Digger, an amateur GrEE of Vehumet (D:4)
  Purgy (D:3)
  An ice beast (D:6)
  A sky beast (D:5)
  A black bear (D:7)
  2 ogres (D:5)
  A necrophage (D:4)
  2 centaurs
  A kobold brigand (D:8)
  A phantom (D:5)
  A gnoll sergeant (D:8)
  4 bullfrogs (D:7)
  3 scorpions
  A water moccasin skeleton (D:5)
  A howler monkey (D:4)
  3 centaur zombies
  3 hounds (D:5)
  2 centaur skeletons
  2 orc priests
  3 jellies
  3 iguanas
  6 orc wizards
  A hound skeleton (D:5)
  A howler monkey skeleton (D:4)
  8 gnolls
  10 adders
  3 river rats (D:3)
  3 white imps
  An ufetubus (D:5)
  2 worms
  6 dart slugs
  28 orcs
  8 ball pythons
  10 endoplasms
  5 giant cockroaches
  2 goblins (D:1)
  14 hobgoblins
  3 jackals
  9 quokkas
  6 bats
  3 frilled lizards
  15 kobolds
  12 rats
200 creatures vanquished.

Vanquished Creatures (collateral kills)
  2 foxfires (D:4)
2 creatures vanquished.

Vanquished Creatures (others)
  673 foxfires
  A plant (D:1)
  A withered plant (D:4)
675 creatures vanquished.

Grand Total: 877 creatures vanquished

Notes
Turn   | Place    | Note
-------+----------+-------------------------------------------
     0 | D:1      | funkygono the Gargoyle Fire Elementalist began the quest
                  | for the Orb.
     0 | D:1      | Reached XP level 1. HP: 10/10 MP: 3/3
   177 | D:1      | Reached XP level 2. HP: 13/15 MP: 3/5
   421 | D:1      | You fall into a shaft and drop 1 floor!
   668 | D:1      | Identified the Catalogue of the Lethal Traveller
   691 | D:1      | Reached XP level 3. HP: 19/19 MP: 3/6
   695 | D:1      | Learned a level 3 spell: Conjure Flame
  1550 | D:2      | Reached XP level 4. HP: 18/24 MP: 5/8
  2129 | D:2      | Learned a level 4 spell: Sticky Flame
  2175 | D:3      | Found a faded altar of an unknown god.
  2238 | D:3      | Found an iron altar of Okawaru.
  2263 | D:3      | Reached skill level 4 in Fire Magic
  2294 | D:3      | Reached XP level 5. HP: 12/28 MP: 1/9
  2610 | D:3      | Reached skill level 1 in Maces & Flails
  2962 | D:3      | Found a glowing golden altar of the Shining One.
  2963 | D:3      | Noticed Purgy
  2987 | D:3      | Killed Purgy
  2988 | D:3      | Reached XP level 6. HP: 11/32 MP: 1/11
  3268 | D:3      | Found an ornate altar of the Wu Jian Council.
  4001 | D:4      | Found a runed translucent door.
  4006 | D:4      | Noticed Darold's ghost (amateur GrEE)
  4276 | D:4      | Found an ancient bone altar of Kikubaaqudgha.
  4296 | D:4      | Reached XP level 7. HP: 37/37 MP: 3/13
  4621 | D:4      | Reached skill level 5 in Fire Magic
  4689 | D:4      | Found a shimmering altar of Xom.
  4761 | D:4      | Found a shimmering blue altar of Sif Muna.
  4986 | D:4      | Identified the +2 robe of Decaying Leaves {Int+4 SInv}
  5345 | D:4      | Killed Darold's ghost
  5470 | D:5      | Entered Level 5 of the Dungeon
  5504 | D:5      | Reached skill level 5 in Spellcasting
  5589 | D:5      | Reached XP level 8. HP: 42/42 MP: 10/15
  5622 | D:5      | Found a shadowy altar of Dithmenos.
  5743 | D:5      | Reached skill level 5 in Conjurations
  6101 | D:5      | Reached skill level 6 in Fire Magic
  6616 | D:5      | Found the +8 trident of the Octopus King {venom, rElec
                  | rPois Will+}
  6639 | D:5      | Found a hazy altar of Hepliaklqana.
  6708 | D:5      | Reached skill level 1 in Fighting
  6799 | D:5      | Found a glowing silver altar of Zin.
  6836 | D:5      | Learned a level 5 spell: Fireball
  6842 | D:5      | Learned a level 5 spell: Bolt of Magma
  7037 | D:6      | Found Ijezet's Antique Weapon Emporium.
  7068 | D:6      | Found Niunimm's Armour Emporium.
  7075 | D:6      | Reached XP level 9. HP: 47/47 MP: 14/18
  7169 | D:6      | Found Quexoiso's Magic Scroll Emporium.
  7541 | D:6      | Reached skill level 7 in Fire Magic
  7642 | D:6      | Identified a scroll of acquirement
  7642 | D:6      | Acquired a book of Annihilations
  7780 | D:7      | Reached skill level 1 in Earth Magic
  7869 | D:7      | Found a sacrificial altar of Ru.
  8383 | D:7      | Found a staircase to the Ecumenical Temple.
  8397 | Temple   | Entered the Ecumenical Temple
  8452 | Temple   | Became a worshipper of Vehumet
  9099 | D:8      | Found a basalt altar of Yredelemnul.
  9144 | D:8      | Reached skill level 8 in Fire Magic
  9144 | D:8      | Reached XP level 10. HP: 52/52 MP: 14/21
  9275 | D:8      | Noticed a death yak
  9276 | D:8      | Found a staircase to the Lair.
  9341 | D:8      | Slain by a death yak

Illustrated notes

Levels and vault maps discovered:
D:1:      eino_arrival_water_cross, layout_basic, minmay_pentomino_o4
D:2:      layout_basic, hex_large, hangedman_feature_mirror
D:3:      layout_loops_ring, nzn_wu_jian_contemplation, lemuel_crystal_altar,
          amcnicky_altar_gilded, ebering_ecumenical_altar_abandoned,
          gup_sewer_entry_spiral, grunt_ministairs_13, bh_walls_and_bars,
          uniq_purgy
D:4:      layout_gridville, kennysheep_orc_sif_temple, kennysheep_little_box,
          kiku_gazebo_garden_becter, ebering_ghost_sewer_d,
          hangedman_decor_slide_cut, kennysheep_decorative_pillar, st_stairs_10,
          grunt_ministairs_10, hangedman_decor_opposing, minmay_strange_pillars
D:5:      minmay_inner_zag, layout_rooms, grunt_dithmenos_smoke,
          nicolae_hepliaklqana_hippocampus, lemuel_round_altar,
          chequers_mini_garden
D:6:      layout_basic, serial_shops, shop, kennysheep_mini, shop,
          grunt_ministairs_5, moated_statue
D:7:      layout_basic, nicolae_ru_great_annihilating_truth,
          minmay_temple_entry_trees, minmay_misc_feat_enclosed
D:8:      layout_cave_pools, overflow_temple_1_default, lemuel_round_altar,
          david_lair_generic, serial_bayou_pond_c
Temple:   dpeg_three_leaves_temple

Skill      XL: |  1  2  3  4  5  6  7  8  9 10 |
---------------+-------------------------------+-----
Spellcasting   | 3 4 5 6 7 |  7.5
Conjurations   | 2 3 4 5 7 |  7.6
Fire Magic     | 4 5 6 8 |  8.0
Maces & Flails | 1 2 3 |  3.2
Dodging        | 2 |  2.5
Fighting       | 1 |  1.5
Earth Magic    | 2 3 |  3.0
Stealth        | |  2.1
Shields        | |  0.3

Action                   |  1- 3 |  4- 6 |  7- 9 | 10-12 || total
-------------------------+-------+-------+-------+-------++-------
Melee: Mace              |    11 |    80 |    52 |       ||   143
       Unarmed           |     1 |       |       |       ||     1
 Cast: Foxfire           |    53 |    99 |   245 |    14 ||   411
       Sticky Flame      |       |     1 |    10 |     1 ||    12
       Conjure Flame     |       |       |     1 |       ||     1
       Fireball          |       |       |     4 |       ||     4
  Use: Scroll            |     4 |     4 |     5 |     1 ||    14
Armor: Robe              |     9 |    53 |    56 |     4 ||   122
Dodge: Dodged            |     9 |    84 |    62 |     6 ||   161
Block: Other             |       |       |     8 |     5 ||    13
       Reflection        |       |       |     1 |     1 ||     2

Table legend: (Time is in decaauts)
 A = Elapsed time spent in this place.
 B = Non-inter-level travel time spent in this place.
 C = Inter-level travel time spent in this place.
 D = Time resting spent in this place.
 E = Time spent auto-exploring this place.
 F = Levels seen in this place.
 G = Mean time per level.
                   A        B        C        D        E       F      G
               +--------+--------+--------+--------+--------+-----+--------+
         Total |   9448 |   9228 |    220 |    602 |   6859 |   9 | 1049.8 |
       Dungeon |   9355 |   9150 |    205 |    602 |   6790 |   8 | 1169.4 |
        Temple |     92 |     77 |     15 |      0 |     69 |   1 |   92.0 |
               +--------+--------+--------+--------+--------+-----+--------+

Top non-repeatable levels by time:
     D:3: 1879 daAuts
     D:4: 1511 daAuts
     D:5: 1420 daAuts
     D:1: 1216 daAuts
     D:7: 1196 daAuts
     D:2: 954 daAuts
     D:6: 802 daAuts
     D:8: 374 daAuts
  Temple: 92 daAuts
